 Dungeon Crawl Stone Soup version 0.31-a0-221-gbddc013574 (webtiles) character file.

Game seed: 1535156647010507847

32 qw the Shield-Bearer (level 3, -7/23 HPs)
             Began as a Gargoyle Fighter on July 4, 2023.
             Mangled by Sigmund
             ... wielding a +0 scythe
              (9 damage)
             ... on level 2 of the Dungeon.
             The game lasted 00:00:39 (1085 turns).

qw the Shield-Bearer (Gargoyle Fighter)             Turns: 1085, Time: 00:00:40

Health: -7/23      AC: 10    Str: 21    XL:     3   Next: 25%
Magic:  3/3        EV:  9    Int:  8    God:
Gold:   54         SH:  0    Dex:  9    Spells: 2/2 levels left

rFire   . . .        Y - +1 war axe
rCold   . . .        c - +0 buckler
rNeg    + . .        b - +0 scale mail
rPois   inf          (no helmet)
rElec   +            (no cloak)
rCorr   .            (no gloves)
SInv    .            (no boots)
Will    .....        (no amulet) Stlth
                     (no ring)
HPRegen 0.23/turn    (no ring)
MPRegen 0.08/turn

%: no passive effects
@: confused
A: sickness immunity, AC +3, negative energy resistance 1, electricity
resistance, torment resistance 1, petrification resistance
a: no special abilities


You were on level 2 of the Dungeon.
You visited 1 branch of the dungeon, and saw 2 of its levels.

You collected 54 gold pieces.


Innate Abilities, Weirdness & Mutations

You are immune to sickness and miasma.
Your stone body is resilient. (AC +3)
You are immune to poison.
You resist negative energy. (rN+)
You are resistant to electric shocks. (rElec)
You are resistant to unholy torment.
You are immune to petrification.


   Skills:
 - Level 3.2 Fighting
 + Level 3.2 Axes
 - Level 3.2 Armour
 - Level 3.2 Shields


You had 2 spell levels left.
You didn't know any spells.
Your spell library was empty.

Inventory:

Hand Weapons
 f - a +0 whip
 Y - a +1 war axe (weapon)
Armour
 a - a +0 pair of boots
 b - a +0 scale mail (worn)
 c - a +0 buckler (worn)
Jewellery
 g - a +6 ring of intelligence
Scrolls
 h - 2 scrolls of teleportation
Potions
 d - a potion of might
 e - a potion of haste {unknown}
 i - a potion of brilliance {unknown}
 j - a potion of magic
 k - 2 potions of curing {unknown}

Dungeon Overview and Level Annotations

Branches:
Dungeon (2/15)

Altars:

Annotations:
D:2 Sigmund


Message History

The hobgoblin shouts!
Sigmund gestures at you while chanting. You resist with significant effort.
Enter note:
Enter note:
Enter note:
Enter note:
Enter note:
Enter note: You closely miss Sigmund.
Sigmund hits you but does no damage.
You closely miss Sigmund. Sigmund casts a spell at you.
You are confused.
Sigmund gestures at you while chanting. The magic dart hits you!
The kobold hits you with a +0 dagger.
Sigmund points at you and mumbles some strange words.
You are more confused.
The kobold barely misses you. Sigmund casts a spell at you.
You are more confused.
The kobold hits you but does no damage. The hobgoblin closely misses you.
A goblin comes into view. It is wielding a +0 dagger.
The goblin shouts!
Sigmund points at you and mumbles some strange words.
The puff of flame hits you.
An endoplasm comes into view.
The kobold hits you but does no damage. The hobgoblin barely misses you.
Sigmund hits you but does no damage. The kobold hits you with a +0 dagger.
The hobgoblin hits you but does no damage.
The kobold misses you.
The hobgoblin hits you but does no damage.
Sigmund hits you with a +0 scythe! The kobold barely misses you.
The hobgoblin hits you but does no damage.
Sigmund points at you and mumbles some strange words.
You resist with significant effort. The kobold hits you but does no damage.
The hobgoblin closely misses you. Sigmund hits you with a +0 scythe!
You die...

#..... .........#...##
...... ...............# .
.#### . ...............
.[.#...
...........#....#.........
#.#..J.............#.#...
#......g...........#.####
#....$.K@g...............
##.....##@................
........)..........#..####
.#..#..##..##...#..#..###.
............)....#..##..
##.....#...#......#..##..
#.#..##...#.............
..................)......
.#.................#..##..
. .........#.............


You could see Sigmund, an endoplasm, a hobgoblin, a goblin and a kobold.

Vanquished Creatures
  A dart slug (D:2)
  2 ball pythons (D:1)
  4 endoplasms (D:1)
  3 giant cockroaches
  4 goblins (D:1)
  2 quokkas
  A frilled lizard (D:1)
  5 kobolds
  4 rats
26 creatures vanquished.

Notes
Turn   | Place    | Note
-------+----------+-------------------------------------------
     0 | D:1      | qw the Gargoyle Fighter began the quest for the Orb.
     0 | D:1      | Reached XP level 1. HP: 14/14 MP: 1/1
     0 | D:1      | 0 ||| qw: Version: 0.3-a-40-ge99b1a8
     0 | D:1      | 0 ||| qw: Game counter: 634
     0 | D:1      | 0 ||| qw: Melee chars always use a shield: true
     0 | D:1      | 0 ||| qw: God list: Okawaru
     0 | D:1      | 0 ||| qw: Allow faded altars: false
     0 | D:1      | 0 ||| qw: Do Orc after clearing Dungeon:15 true
     0 | D:1      | 0 ||| qw: Do second Lair branch before Depths: true
     0 | D:1      | 0 ||| qw: Lair rune preference: random
     0 | D:1      | 0 ||| qw: Goals: Normal, Zot:1-4, Slime:5, God:TSO, Crypt,
                  | Tomb, Abyss, Pan, Hells, Win
     0 | D:1      | 0 ||| PLANNING D:1-11
   150 | D:1      | Reached XP level 2. HP: 19/19 MP: 2/2
   254 | D:1      | Found a faded altar of an unknown god.
   328 | D:1      | 328 ||| FLEEEEING.
   329 | D:1      | 329 ||| FLEEEEING.
   330 | D:1      | 330 ||| FLEEEEING.
   535 | D:1      | Reached skill level 3 in Axes
   728 | D:1      | 728 ||| READING scroll labelled NOHENIA OGEFA.
   729 | D:1      | 729 ||| READING 2 scrolls labelled AFFAD RUSMIS.
   733 | D:1      | 733 ||| READING scroll labelled AGGIRA IBIYRCH.
   734 | D:1      | 734 ||| READING scroll labelled RINAUX XUULIFO.
   735 | D:1      | 735 ||| READING scroll labelled WUIMNAJE EZAROSIO.
   736 | D:1      | 736 ||| READING scroll labelled VIYCAI ROQOAZO.
   737 | D:1      | 737 ||| READING scroll labelled QAFILA COBBUNE.
   738 | D:1      | 738 ||| DRINKING 2 gluggy clear potions.
   782 | D:2      | 782 ||| Stepping ~*~*~tactically~*~*~ (hiding).
   783 | D:2      | 783 ||| Stepping ~*~*~tactically~*~*~ (hiding).
   789 | D:2      | Reached XP level 3. HP: 23/23 MP: 3/3
  1034 | D:2      | 1034 ||| Stepping ~*~*~tactically~*~*~ (stealth).
  1035 | D:2      | 1035 ||| Stepping ~*~*~tactically~*~*~ (stealth).
  1036 | D:2      | 1036 ||| Stepping ~*~*~tactically~*~*~ (stealth).
  1065 | D:2      | Noticed Sigmund
  1066 | D:2      | 1066 ||| Stepping ~*~*~tactically~*~*~ (stealth).
  1068 | D:2      | 1068 ||| Stepping ~*~*~tactically~*~*~ (stealth).
  1070 | D:2      | 1070 ||| Stepping ~*~*~tactically~*~*~ (hiding).
  1082 | D:2      | HP: 1/23 [Sigmund/+0 scythe (7)]
  1085 | D:2      | Mangled by Sigmund

Levels and vault maps discovered:
D:1:      minmay_arrival_diagonal_passages, layout_basic,
          ebering_ecumenical_altar_petrified, minmay_pentomino_z4
D:2:      layout_basic, uniq_sigmund

Skill      XL: |  1  2 |
---------------+-------+-----
Axes           | 2 3 |  3.2
Fighting       | |  3.2
Armour         | |  3.2
Shields        | |  3.2

Action                     || total
---------------------------++-------
  Melee: War axe           ||    73
    Use: Scroll            ||     7
         Potion            ||     1
 Armour: Scale mail        ||    43
  Dodge: Dodged            ||    29
  Block: Buckler           ||    14

Table legend:
 A = Non-vault XP
 B = Vault XP
 C = Vault XP percentage of total XP
 D = Non-vault monster count
 E = Vault monster count
 F = Vault count percentage of total count
                 A         B        C        D         E       F
            +---------+---------+-------+---------+---------+-------
      Total |      44 |       2 |   4.3 |      25 |       1 |   3.8
            +---------+---------+-------+---------+---------+-------
        D:1 |      30 |       2 |   6.2 |      18 |       1 |   5.3
        D:2 |      14 |       0 |   0.0 |       7 |       0 |   0.0
            +---------+---------+-------+---------+---------+-------
